General information
- name: BNet
- type: Ladder team game (AT/RT)
- host: Battle.net
- saver: ICECREAM-SANTA
map: DragonFalls
- players: 8
- length: 40:40
- speed: Fast
- version: 1.26 W3XP
- replay type: Public
» download(222 KB)
Players
team 1 (winner)
WhoRunBartrTown (
orange | 49 APM | 2005 actions | 40:40)
10 Blademaster
3 Wind Walk
3 Critical Strike
1 Bladestorm
3 Mirror Image
» actions
| Assign group hotkey | 51 | |
| Basic commands | 56 | |
| Build / train | 99 | |
| Enter build submenu | 29 | |
| Enter hero's abilities submenu | 9 | |
| Give item / drop item | 4 | |
| Remove unit from queue | 4 | |
| Right click | 799 | |
| Select / deselect | 342 | |
| Select group hotkey | 428 | |
| Use ability | 184 | |
2005 total
» units
| Peon | 9 | |
| Grunt | 4 | |
| Goblin Shredder | 1 | |
| Troll Batrider | 10 | |
| Goblin Zeppelin | 3 | |
| Green Dragon | 3 | |
| Wind Rider | 4 | |
34 total
» upgrades
| Troll Regeneration | 1 | |
| Ranged Weapons | 3 | |
| Armor | 3 | |
| Liquid Fire | 1 | |
| Reinforced Defenses | 1 | |
| Envenomed Spears | 1 | |
| Ensnare | 1 | |
| Melee Weapons | 2 | |
| Burning Oil | 1 | |
14 total
» buildings
| Orc Burrow | 4 | |
| Altar of Storms | 1 | |
| Barracks | 1 | |
| Voodoo Lounge | 2 | |
| Stronghold | 1 | |
| War Mill | 1 | |
| Great Hall | 2 | |
| Watch Tower | 22 | |
| Fortress | 1 | |
| Beastiary | 3 | |
38 total
» build order
00:18 Orc Burrow
00:54 Altar of Storms
00:56 Barracks
01:10 Orc Burrow
01:39 Voodoo Lounge
02:53 Stronghold
04:06 War Mill
04:55 Great Hall
06:59 Watch Tower
06:59 Watch Tower
07:00 Watch Tower
07:33 Fortress
08:10 Beastiary
08:10 Beastiary
08:11 Beastiary
08:44 Orc Burrow
08:49 Orc Burrow
12:25 Watch Tower
12:26 Watch Tower
12:26 Watch Tower
12:28 Watch Tower
12:29 Watch Tower
12:30 Watch Tower
12:32 Watch Tower
12:32 Watch Tower
19:47 Watch Tower
19:47 Watch Tower
22:40 Great Hall
22:45 Watch Tower
22:45 Watch Tower
22:46 Watch Tower
22:46 Watch Tower
22:47 Watch Tower
22:47 Watch Tower
22:48 Watch Tower
22:48 Watch Tower
24:39 Voodoo Lounge
» items
| Healing Salve | 6 | |
| Scroll of Town Portal | 6 | |
| Lesser Clarity Potion | 6 | |
| Potion of Mana | 6 | |
| Orb of Lightning | 1 | |
| Potion of Healing | 7 | |
| Periapt of Vitality | 1 | |
| Staff of Teleportation | 1 | |
34 total
kq2049124891248 (
red | 89 APM | 3630 actions | 40:40)
8 Archmage
3 Summon Water Elemental
3 Brilliance Aura
1 Mass Teleport
1 Blizzard
» actions
| Assign group hotkey | 121 | |
| Basic commands | 42 | |
| Build / train | 384 | |
| ESC pressed | 5 | |
| Enter build submenu | 123 | |
| Enter hero's abilities submenu | 8 | |
| Give item / drop item | 14 | |
| Right click | 1372 | |
| Select / deselect | 561 | |
| Select group hotkey | 680 | |
| Use ability | 318 | |
3630 total
» units
| Peasant | 18 | |
| Footman | 4 | |
| Ghoul | 2 | |
| Goblin Zeppelin | 3 | |
| Goblin Shredder | 4 | |
| Gryphon Rider | 6 | |
| Dragonhawk Rider | 1 | |
| Frost Wyrm | 6 | |
44 total
» upgrades
| Masonry | 3 | |
| Creature Carapace | 3 | |
| Lumber Harvesting | 2 | |
| Armor | 4 | |
| Creature Attack | 3 | |
| Animal War Training | 1 | |
| Swords | 3 | |
| Storm Hammers | 1 | |
| Cloud | 1 | |
| Freezing Breath | 1 | |
22 total
» buildings
| Barracks | 1 | |
| Altar of Kings | 1 | |
| Farm | 5 | |
| Arcane Vault | 3 | |
| Nerubian Tower | 9 | |
| Lumber Mill | 2 | |
| Halls of the Dead | 4 | |
| Ziggurat | 9 | |
| Town Hall | 11 | |
| Scout Tower | 87 | |
| Spirit Tower | 21 | |
| Guard Tower | 162 | |
| Keep | 4 | |
| Arcane Tower | 33 | |
| Castle | 4 | |
| Gryphon Aviary | 3 | |
| Blacksmith | 4 | |
| Sacrificial Pit | 1 | |
| Black Citadel | 2 | |
| Boneyard | 4 | |
370 total
» build order
00:36 Barracks
00:39 Altar of Kings
00:50 Farm
01:04 Farm
01:44 Farm
02:02 Arcane Vault
03:00 Nerubian Tower
03:00 Nerubian Tower
03:20 Lumber Mill
03:37 Halls of the Dead
03:37 Halls of the Dead
03:37 Halls of the Dead
03:52 Ziggurat
04:09 Town Hall
04:11 Scout Tower
04:12 Scout Tower
04:13 Scout Tower
04:14 Scout Tower
04:58 Spirit Tower
04:58 Spirit Tower
04:58 Spirit Tower
05:07 Ziggurat
05:14 Ziggurat
05:18 Ziggurat
05:39 Guard Tower
05:49 Scout Tower
05:50 Scout Tower
06:00 Keep
06:00 Keep
06:01 Keep
06:08 Spirit Tower
06:08 Spirit Tower
06:08 Spirit Tower
06:09 Spirit Tower
06:09 Spirit Tower
06:10 Spirit Tower
06:10 Spirit Tower
06:10 Spirit Tower
06:15 Ziggurat
06:25 Ziggurat
06:33 Scout Tower
06:34 Scout Tower
06:36 Guard Tower
06:36 Guard Tower
06:49 Guard Tower
06:49 Guard Tower
07:06 Guard Tower
08:03 Guard Tower
08:03 Guard Tower
08:04 Guard Tower
08:40 Nerubian Tower
08:41 Nerubian Tower
08:41 Nerubian Tower
08:41 Nerubian Tower
08:41 Nerubian Tower
08:51 Town Hall
08:58 Scout Tower
09:15 Guard Tower
09:15 Guard Tower
09:16 Guard Tower
09:25 Guard Tower
09:25 Guard Tower
09:25 Guard Tower
09:26 Guard Tower
09:26 Guard Tower
09:27 Scout Tower
09:30 Scout Tower
09:33 Scout Tower
09:38 Scout Tower
09:39 Scout Tower
09:40 Scout Tower
09:41 Scout Tower
09:42 Scout Tower
09:43 Scout Tower
09:47 Scout Tower
09:50 Scout Tower
09:51 Scout Tower
09:58 Guard Tower
09:58 Guard Tower
10:05 Guard Tower
10:05 Guard Tower
10:05 Guard Tower
10:07 Guard Tower
10:07 Guard Tower
10:27 Guard Tower
10:27 Guard Tower
10:27 Guard Tower
11:01 Guard Tower
11:01 Guard Tower
11:01 Guard Tower
11:03 Guard Tower
11:03 Guard Tower
11:04 Guard Tower
11:07 Arcane Tower
11:07 Arcane Tower
11:08 Guard Tower
11:08 Guard Tower
11:08 Guard Tower
11:23 Arcane Vault
11:37 Castle
11:37 Castle
11:38 Castle
11:41 Gryphon Aviary
11:47 Blacksmith
11:51 Spirit Tower
11:52 Spirit Tower
11:56 Ziggurat
11:58 Ziggurat
12:00 Sacrificial Pit
12:03 Black Citadel
12:04 Black Citadel
12:43 Gryphon Aviary
12:52 Gryphon Aviary
15:07 Guard Tower
15:08 Guard Tower
15:08 Guard Tower
15:11 Guard Tower
15:11 Guard Tower
15:13 Guard Tower
15:31 Farm
15:33 Farm
15:37 Scout Tower
15:38 Scout Tower
16:06 Scout Tower
16:08 Scout Tower
16:13 Guard Tower
16:13 Guard Tower
16:14 Guard Tower
16:52 Guard Tower
16:55 Guard Tower
17:22 Ziggurat
17:25 Boneyard
17:28 Boneyard
17:29 Boneyard
17:33 Boneyard
17:47 Guard Tower
17:48 Guard Tower
17:50 Scout Tower
17:52 Scout Tower
17:57 Scout Tower
18:00 Scout Tower
18:52 Guard Tower
18:53 Guard Tower
18:53 Guard Tower
19:11 Scout Tower
19:13 Scout Tower
19:40 Guard Tower
19:40 Guard Tower
19:40 Guard Tower
19:41 Guard Tower
21:07 Scout Tower
21:09 Scout Tower
21:10 Scout Tower
21:11 Scout Tower
21:12 Scout Tower
21:13 Scout Tower
21:14 Scout Tower
21:16 Scout Tower
21:18 Scout Tower
21:18 Scout Tower
22:19 Guard Tower
22:19 Guard Tower
22:54 Guard Tower
22:54 Guard Tower
22:58 Scout Tower
23:05 Guard Tower
23:06 Guard Tower
23:31 Guard Tower
23:31 Guard Tower
23:31 Guard Tower
24:58 Scout Tower
25:00 Scout Tower
25:01 Scout Tower
25:03 Scout Tower
25:08 Scout Tower
25:36 Town Hall
25:39 Scout Tower
25:41 Scout Tower
26:05 Guard Tower
26:05 Guard Tower
26:06 Guard Tower
27:11 Guard Tower
27:11 Guard Tower
27:12 Scout Tower
27:14 Scout Tower
27:20 Scout Tower
27:23 Scout Tower
27:25 Scout Tower
27:26 Scout Tower
27:29 Scout Tower
27:31 Scout Tower
27:34 Scout Tower
27:36 Scout Tower
27:43 Guard Tower
27:43 Guard Tower
27:44 Guard Tower
27:44 Guard Tower
27:54 Guard Tower
27:54 Guard Tower
27:54 Guard Tower
27:56 Guard Tower
27:56 Guard Tower
27:59 Guard Tower
27:59 Guard Tower
28:08 Guard Tower
28:08 Guard Tower
28:09 Guard Tower
28:12 Guard Tower
28:38 Arcane Vault
29:27 Town Hall
29:49 Spirit Tower
29:49 Spirit Tower
29:50 Spirit Tower
31:08 Scout Tower
31:10 Scout Tower
31:28 Scout Tower
31:31 Scout Tower
31:36 Guard Tower
31:36 Guard Tower
31:36 Guard Tower
31:43 Guard Tower
31:43 Guard Tower
31:43 Guard Tower
32:23 Guard Tower
32:23 Guard Tower
32:23 Guard Tower
32:28 Scout Tower
32:29 Scout Tower
32:30 Scout Tower
33:42 Scout Tower
33:44 Scout Tower
33:46 Scout Tower
33:48 Scout Tower
34:00 Blacksmith
34:16 Arcane Tower
34:16 Arcane Tower
34:17 Arcane Tower
34:20 Arcane Tower
34:37 Lumber Mill
34:42 Blacksmith
34:48 Blacksmith
36:52 Guard Tower
37:51 Scout Tower
37:52 Scout Tower
37:52 Scout Tower
37:53 Scout Tower
37:55 Scout Tower
37:57 Scout Tower
37:58 Scout Tower
37:59 Scout Tower
38:01 Scout Tower
38:05 Scout Tower
38:07 Scout Tower
38:18 Guard Tower
38:18 Guard Tower
38:19 Guard Tower
38:19 Guard Tower
38:19 Guard Tower
38:20 Guard Tower
38:20 Guard Tower
38:20 Guard Tower
38:20 Guard Tower
38:21 Guard Tower
38:21 Guard Tower
38:24 Guard Tower
38:24 Guard Tower
38:24 Guard Tower
38:27 Guard Tower
38:28 Guard Tower
38:28 Guard Tower
38:30 Scout Tower
38:30 Scout Tower
38:31 Scout Tower
38:32 Scout Tower
38:33 Scout Tower
38:34 Scout Tower
38:37 Guard Tower
38:37 Guard Tower
38:38 Guard Tower
38:42 Arcane Tower
38:42 Arcane Tower
38:42 Arcane Tower
38:45 Arcane Tower
38:45 Arcane Tower
38:45 Arcane Tower
38:58 Arcane Tower
38:59 Arcane Tower
38:59 Arcane Tower
38:59 Arcane Tower
39:03 Arcane Tower
39:04 Arcane Tower
39:04 Arcane Tower
39:04 Arcane Tower
39:09 Arcane Tower
39:09 Arcane Tower
39:09 Arcane Tower
40:23 Town Hall
40:23 Town Hall
40:24 Town Hall
40:28 Town Hall
40:30 Town Hall
40:31 Town Hall
40:37 Town Hall
» items
| Mechanical Critter | 2 | |
| Scroll of Regeneration | 7 | |
| Lesser Clarity Potion | 2 | |
| Ivory Tower | 9 | |
| Periapt of Vitality | 1 | |
| Potion of Healing | 2 | |
| Staff of Sanctuary | 1 | |
| Scroll of Town Portal | 1 | |
| Dust of Appearance | 1 | |
| Staff of Teleportation | 1 | |
27 total
chodesandwich (
pink | 61 APM | 2299 actions | 37:28)
5 Blademaster
3 Wind Walk
2 Critical Strike
3 Shadow Hunter
2 Hex
1 Healing Wave
1 Death Knight
1 Unholy Aura
» actions
| Assign group hotkey | 42 | |
| Basic commands | 23 | |
| Build / train | 85 | |
| Enter build submenu | 34 | |
| Enter hero's abilities submenu | 9 | |
| Give item / drop item | 1 | |
| Remove unit from queue | 2 | |
| Right click | 911 | |
| Select / deselect | 401 | |
| Select group hotkey | 669 | |
| Use ability | 122 | |
2299 total
» units
| Peon | 20 | |
| Troll Headhunter/Berserker | 19 | |
| Goblin Shredder | 1 | |
| Spirit Walker | 2 | |
| Shaman | 2 | |
| Troll Witch Doctor | 2 | |
| Demolisher | 2 | |
48 total
» upgrades
| Ranged Weapons | 3 | |
| Armor | 2 | |
| Troll Regeneration | 1 | |
| Shaman Training | 2 | |
| Berserker Upgrade | 1 | |
| Reinforced Defenses | 1 | |
| Witch Doctor Training | 2 | |
| Burning Oil | 1 | |
13 total
» buildings
| Altar of Storms | 4 | |
| Orc Burrow | 10 | |
| Barracks | 2 | |
| War Mill | 1 | |
| Voodoo Lounge | 1 | |
| Stronghold | 1 | |
| Great Hall | 1 | |
| Watch Tower | 11 | |
| Spirit Lodge | 2 | |
| Fortress | 1 | |
34 total
» build order
00:10 Altar of Storms
00:13 Orc Burrow
00:21 Barracks
01:28 Orc Burrow
01:54 War Mill
02:19 Barracks
02:50 Orc Burrow
03:40 Voodoo Lounge
05:54 Stronghold
07:21 Great Hall
08:22 Orc Burrow
08:49 Watch Tower
08:52 Watch Tower
10:50 Watch Tower
11:13 Watch Tower
11:26 Spirit Lodge
12:06 Watch Tower
12:10 Watch Tower
12:14 Watch Tower
14:01 Fortress
14:10 Spirit Lodge
15:57 Watch Tower
16:56 Orc Burrow
17:14 Watch Tower
17:21 Orc Burrow
18:31 Orc Burrow
21:41 Watch Tower
22:14 Watch Tower
23:30 Orc Burrow
27:17 Altar of Storms
28:33 Altar of Storms
28:54 Altar of Storms
30:03 Orc Burrow
31:02 Orc Burrow
» items
| Healing Salve | 2 | |
| Scroll of Speed | 1 | |
| Boots of Speed | 1 | |
| Lesser Clarity Potion | 1 | |
| Orb of Lightning | 1 | |
| Potion of Healing | 2 | |
| Potion of Mana | 2 | |
10 total
jasok (
yellow | 18 APM | 47 actions | 02:35)
1 Death Knight
1 Death Coil
» actions
| Basic commands | 1 | |
| Build / train | 11 | |
| Enter build submenu | 7 | |
| Enter hero's abilities submenu | 1 | |
| Select / deselect | 16 | |
| Use ability | 11 | |
47 total
» units
» buildings
| Altar of Darkness | 1 | |
| Ziggurat | 3 | |
| Crypt | 1 | |
| Graveyard | 1 | |
| Tomb of Relics | 1 | |
7 total
» build order
00:25 Altar of Darkness
00:30 Ziggurat
00:56 Crypt
01:06 Graveyard
01:21 Ziggurat
01:35 Tomb of Relics
02:18 Ziggurat
team 2 (loser)
ICECREAM-SANTA (
green | 53 APM | 2136 actions | 40:40)
8 Archmage
2 Summon Water Elemental
3 Brilliance Aura
2 Blizzard
1 Mass Teleport
» actions
| Assign group hotkey | 47 | |
| Basic commands | 36 | |
| Build / train | 95 | |
| Enter build submenu | 16 | |
| Enter hero's abilities submenu | 8 | |
| Give item / drop item | 5 | |
| Remove unit from queue | 1 | |
| Right click | 875 | |
| Select / deselect | 251 | |
| Select group hotkey | 670 | |
| Use ability | 132 | |
2136 total
» units
| Peasant | 14 | |
| Footman | 4 | |
| Goblin Shredder | 1 | |
| Gryphon Rider | 5 | |
| Goblin Sapper | 12 | |
36 total
» upgrades
| Masonry | 3 | |
| Lumber Harvesting | 1 | |
| Animal War Training | 1 | |
| Swords | 3 | |
| Armor | 3 | |
| Storm Hammers | 1 | |
| Cloud | 1 | |
13 total
» buildings
| Altar of Kings | 1 | |
| Barracks | 1 | |
| Farm | 12 | |
| Scout Tower | 2 | |
| Arcane Tower | 2 | |
| Lumber Mill | 1 | |
| Town Hall | 2 | |
| Keep | 1 | |
| Castle | 2 | |
| Gryphon Aviary | 3 | |
| Blacksmith | 1 | |
| Arcane Vault | 1 | |
| Guard Tower | 2 | |
31 total
» build order
00:14 Altar of Kings
00:22 Barracks
00:39 Farm
00:54 Farm
01:36 Farm
01:40 Scout Tower
02:09 Arcane Tower
02:21 Lumber Mill
03:43 Town Hall
05:18 Keep
06:05 Scout Tower
07:44 Castle
07:44 Castle
08:34 Gryphon Aviary
08:34 Gryphon Aviary
08:35 Gryphon Aviary
08:43 Blacksmith
09:11 Farm
09:12 Farm
09:12 Farm
09:13 Farm
09:14 Farm
10:13 Arcane Tower
10:38 Arcane Vault
12:14 Farm
12:15 Farm
12:15 Farm
12:15 Farm
12:18 Guard Tower
12:18 Guard Tower
23:37 Town Hall
» items
| Staff of Teleportation | 1 | |
| Potion of Lesser Invulnerability | 1 | |
| Potion of Invisibility | 1 | |
| Tome of Retraining | 1 | |
| Scroll of Regeneration | 5 | |
| Ivory Tower | 5 | |
| Potion of Healing | 4 | |
| Scroll of Town Portal | 3 | |
| Staff of Sanctuary | 1 | |
| Orb of Fire | 1 | |
| Mechanical Critter | 2 | |
25 total

»
goEASTyoungJEW (
purple | 34 APM | 1215 actions | 35:36)
4 Crypt Lord
1 Carrion Beetles
2 Spiked Carapace
1 Impale
3 Death Knight
2 Death Coil
1 Unholy Aura
» actions
| Build / train | 84 | |
| Enter build submenu | 35 | |
| Enter hero's abilities submenu | 7 | |
| Give item / drop item | 4 | |
| Remove unit from queue | 3 | |
| Right click | 521 | |
| Select / deselect | 467 | |
| Use ability | 94 | |
1215 total
» units
| Acolyte | 12 | |
| Ghoul | 4 | |
| Crypt Fiend | 11 | |
| Gargoyle | 3 | |
| Frost Wyrm | 3 | |
33 total
» upgrades
| Creature Attack | 3 | |
| Creature Carapace | 2 | |
| Web | 1 | |
| Freezing Breath | 1 | |
7 total
» buildings
| Ziggurat | 18 | |
| Altar of Darkness | 1 | |
| Graveyard | 1 | |
| Crypt | 2 | |
| Nerubian Tower | 3 | |
| Tomb of Relics | 1 | |
| Spirit Tower | 9 | |
| Halls of the Dead | 1 | |
| Necropolis | 1 | |
| Sacrificial Pit | 1 | |
| Black Citadel | 1 | |
| Boneyard | 2 | |
41 total
» build order
00:15 Ziggurat
00:19 Altar of Darkness
00:43 Graveyard
00:59 Crypt
01:10 Nerubian Tower
01:23 Tomb of Relics
01:52 Crypt
02:37 Ziggurat
03:08 Ziggurat
04:00 Spirit Tower
04:44 Halls of the Dead
06:57 Necropolis
09:29 Ziggurat
10:22 Spirit Tower
10:24 Ziggurat
10:35 Sacrificial Pit
10:40 Black Citadel
11:09 Ziggurat
11:43 Nerubian Tower
12:03 Spirit Tower
12:05 Ziggurat
13:36 Ziggurat
14:07 Ziggurat
14:55 Boneyard
14:59 Ziggurat
15:02 Boneyard
15:51 Spirit Tower
15:53 Spirit Tower
16:40 Spirit Tower
17:56 Spirit Tower
19:40 Ziggurat
19:44 Ziggurat
19:48 Ziggurat
19:51 Ziggurat
19:55 Ziggurat
28:27 Ziggurat
28:29 Ziggurat
28:31 Ziggurat
29:47 Nerubian Tower
29:48 Spirit Tower
29:50 Spirit Tower
» items
| Dust of Appearance | 3 | |
| Rod of Necromancy | 1 | |
| Potion of Healing | 4 | |
| Scroll of Regeneration | 2 | |
| Orb of Corruption | 2 | |
| Scroll of Town Portal | 3 | |
| Lesser Clarity Potion | 3 | |
18 total
mjygvcdw (
teal | 26 APM | 1020 actions | 39:32)
3 Mountain King
1 Thunder Clap
2 Bash
» actions
| Assign group hotkey | 11 | |
| Basic commands | 158 | |
| Build / train | 69 | |
| Enter build submenu | 32 | |
| Enter hero's abilities submenu | 3 | |
| Right click | 102 | |
| Select / deselect | 260 | |
| Select group hotkey | 324 | |
| Use ability | 61 | |
1020 total
» units
| Peasant | 8 | |
| Sorceress | 7 | |
| Priest | 3 | |
| Knight | 9 | |
27 total
» upgrades
| Masonry | 3 | |
| Lumber Harvesting | 2 | |
| Magic Sentry | 1 | |
| Sorceress Training | 2 | |
| Priest Training | 2 | |
| Animal War Training | 1 | |
| Plating | 2 | |
| Swords | 2 | |
15 total
» buildings
| Altar of Kings | 1 | |
| Arcane Vault | 1 | |
| Farm | 8 | |
| Lumber Mill | 1 | |
| Keep | 1 | |
| Scout Tower | 13 | |
| Guard Tower | 13 | |
| Castle | 1 | |
| Arcane Sanctum | 1 | |
| Barracks | 2 | |
| Blacksmith | 1 | |
43 total
» build order
00:56 Altar of Kings
01:00 Arcane Vault
01:02 Farm
01:18 Lumber Mill
02:30 Keep
02:49 Scout Tower
03:18 Guard Tower
03:21 Scout Tower
03:56 Guard Tower
03:59 Scout Tower
04:29 Guard Tower
04:46 Scout Tower
04:53 Castle
05:38 Guard Tower
05:41 Scout Tower
06:12 Guard Tower
06:16 Scout Tower
06:47 Farm
06:48 Guard Tower
07:30 Farm
08:12 Farm
08:51 Farm
09:03 Scout Tower
09:07 Scout Tower
09:20 Arcane Sanctum
09:35 Farm
09:52 Farm
09:58 Guard Tower
10:00 Guard Tower
10:09 Scout Tower
10:15 Scout Tower
10:37 Farm
10:48 Guard Tower
10:53 Guard Tower
10:58 Scout Tower
11:21 Scout Tower
11:34 Guard Tower
11:52 Guard Tower
12:17 Barracks
12:21 Barracks
13:44 Blacksmith
17:50 Scout Tower
18:23 Guard Tower
» items
| Lesser Clarity Potion | 1 | |
| Orb of Fire | 1 | |
| Scroll of Town Portal | 1 | |
| Potion of Healing | 1 | |
| Staff of Teleportation | 1 | |
| Boots of Speed | 1 | |
| Periapt of Vitality | 1 | |
| Circlet of Nobility | 1 | |
8 total

»
excalibue78 (
blue | 21 APM | 788 actions | 36:49)
3 Archmage
2 Summon Water Elemental
1 Blizzard
» actions
| Basic commands | 1 | |
| Build / train | 69 | |
| Enter build submenu | 21 | |
| Enter hero's abilities submenu | 3 | |
| Remove unit from queue | 30 | |
| Right click | 377 | |
| Select / deselect | 246 | |
| Use ability | 41 | |
788 total
» units
| Peasant | 15 | |
| Footman | 2 | |
| Rifleman | 6 | |
| Priest | 5 | |
| Sorceress | -1 | |
27 total
» upgrades
| Long Rifles | 1 | |
| Priest Training | 1 | |
| Sorceress Training | 1 | |
| Lumber Harvesting | 1 | |
| Animal War Training | 1 | |
| Swords | 1 | |
| Plating | 0 | |
| Armor | 1 | |
7 total
» buildings
| Altar of Kings | 1 | |
| Barracks | 1 | |
| Farm | 9 | |
| Lumber Mill | 1 | |
| Blacksmith | 1 | |
| Keep | 1 | |
| Arcane Vault | 1 | |
| Arcane Sanctum | 1 | |
| Town Hall | 3 | |
| Scout Tower | 1 | |
| Guard Tower | 1 | |
| Castle | 1 | |
22 total
» build order
00:12 Altar of Kings
00:16 Barracks
00:21 Farm
01:03 Farm
01:46 Farm
02:31 Farm
02:53 Lumber Mill
02:57 Blacksmith
03:31 Farm
03:54 Keep
04:17 Arcane Vault
04:23 Farm
06:53 Arcane Sanctum
08:35 Town Hall
09:01 Farm
09:54 Scout Tower
10:28 Guard Tower
10:37 Farm
10:47 Castle
11:26 Farm
12:14 Town Hall
14:31 Town Hall
Chat log
(00:08 / All) ICECREAM-SANTA: this sure is a high ell game
(00:09 / All) goEASTyoungJEW: thars jews over thar
(00:35 / Allies) goEASTyoungJEW: ghoul rush?
(00:36 / Allies) mjygvcdw: fuuny multiple bsers
(01:00 / Allies) ICECREAM-SANTA: aint a bser, laddie
(01:02 / Allies) ICECREAM-SANTA: they may be
(01:04 / Allies) ICECREAM-SANTA: cross ur fingers
(01:06 / Allies) mjygvcdw: uhuh
(01:32 / Allies) ICECREAM-SANTA: what makes u think htere is mutlple bsers
(01:39 / Allies) mjygvcdw: lvl 1
(01:47 / Allies) ICECREAM-SANTA: every game ther eis level 1s
(01:49 / Allies) mjygvcdw: gg
(01:55 / Allies) mjygvcdw: no
(02:04 / Allies) ICECREAM-SANTA: wow we'r ento bsers
(02:05 / Allies) mjygvcdw: but when there is they are bsers or sukk
(02:06 / Allies) ICECREAM-SANTA: calm ur ass down
(02:17 / Allies) mjygvcdw: goodluck
(02:20 / All) goEASTyoungJEW: i second that motion
(02:27 / All) ICECREAM-SANTA: chode
(02:31 / All) goEASTyoungJEW: chode is jewish
(02:33 / All) goEASTyoungJEW: im a sand knagger
(02:35 / All) goEASTyoungJEW: tf is that
(02:41 / All) kq2049124891248: I'm refleks
(04:44 / Allies) ICECREAM-SANTA: awfully quiet, blue
(05:32 / Allies) goEASTyoungJEW: wow
(05:36 / Allies) goEASTyoungJEW: definite bser
(06:21 / Allies) excalibue78: for me plz
(06:29 / Allies) ICECREAM-SANTA: me griff
(06:31 / Allies) ICECREAM-SANTA: me tank
(08:06 / Allies) goEASTyoungJEW: b lue
(08:10 / Allies) goEASTyoungJEW: you fucking tard
(08:25 / Allies) ICECREAM-SANTA: why is he a fuck tard i kinda agree tho
(10:53 / Allies) goEASTyoungJEW: epxoing
(11:25 / Allies) goEASTyoungJEW: meet up
(11:29 / All) ICECREAM-SANTA: hail jesse pinkman
(11:38 / Allies) excalibue78: ok
(11:43 / All) WhoRunBartrTown: you're a degenerate druggie
(11:51 / All) ICECREAM-SANTA: meth chemist
(12:20 / Allies) goEASTyoungJEW: two sorc
(13:56 / All) ICECREAM-SANTA: this team is retarded they said meet then do nothing
(14:13 / Allies) goEASTyoungJEW: pink is coing
(16:18 / Allies) excalibue78: wood plzzz
(16:59 / All) ICECREAM-SANTA: fuck u blue lawl
(17:03 / All) ICECREAM-SANTA: i aint helping ur ass
(17:15 / All) ICECREAM-SANTA: not cuz im tking but cuz ur 100% useless
(17:18 / All) ICECREAM-SANTA: and u steal my items
(18:50 / All) kq2049124891248: wow blue and purple suck balls
(18:57 / Allies) goEASTyoungJEW: you guys suck
(19:19 / All) goEASTyoungJEW: teal might be retarded
(19:23 / All) kq2049124891248: free wyrm??
(20:35 / All) kq2049124891248: playing against you guys is like fighting ai
(21:03 / All) mjygvcdw: I KNEW IT WAS LOSS AT START THATS WHY IM DICKIN AROUND
(21:22 / All) kq2049124891248: LOL no
(21:25 / Allies) excalibue78: 11000 gold
(21:26 / All) kq2049124891248: you are trying your hardest teal
(21:36 / All) mjygvcdw: green has 11 thou goild\\other 2 suk\
(21:40 / All) mjygvcdw: uhuh
(21:53 / All) kq2049124891248: I have 16 thousand
(21:59 / All) kq2049124891248: you are the worst player on your team teal
(22:01 / All) ICECREAM-SANTA: im not giving this team shit if they cant defend themselves
(22:04 / All) kq2049124891248: don't try blaming them for your loss lol
(22:12 / All) mjygvcdw: IF THAT LIE MAKES YA FEEL BETTER THATS ALL THAT MATTAER RED
(23:14 / Allies) goEASTyoungJEW: havnt even seen there bases
(23:21 / All) ICECREAM-SANTA: lol
(23:33 / All) ICECREAM-SANTA: purp just said "i havent seen their bases yet"
(23:39 / Allies) goEASTyoungJEW: you tping green if they come
(24:36 / Allies) excalibue78: lol
(25:40 / Allies) excalibue78: purple
(26:16 / All) ICECREAM-SANTA: oh no u dont peon
(27:17 / All) WhoRunBartrTown: awWww
(27:22 / All) ICECREAM-SANTA: u got exp
(27:25 / All) WhoRunBartrTown: Yeah
(27:31 / All) WhoRunBartrTown: I didn't tp in time
(27:42 / All) goEASTyoungJEW: and now my keyboard goes retarded
(27:55 / All) ICECREAM-SANTA: y no yellow
(29:03 / All) ICECREAM-SANTA: blue still has a footie
(29:04 / All) ICECREAM-SANTA: our mvp
(29:51 / Allies) excalibue78: loooooool
(30:49 / All) kq2049124891248: the fuck are those peasnats doing?
(30:56 / All) kq2049124891248: u suck big time teal
(33:18 / Allies) goEASTyoungJEW: well this game is fucked
(33:26 / All) ICECREAM-SANTA: lawl
(33:31 / All) ICECREAM-SANTA: theres ur bs teal
(33:39 / All) ICECREAM-SANTA: u paranoid scum!
(33:44 / All) mjygvcdw: NAH IT WAS AT START
(33:50 / All) mjygvcdw: hahahaha''
(33:52 / All) mjygvcdw: sad bitches
(34:00 / All) ICECREAM-SANTA: my boy are you implying this game is rigged
(34:17 / All) mjygvcdw: nah im implying u and other 2 sukd
(34:21 / All) chodesandwich: RAPED
(34:22 / All) ICECREAM-SANTA: lawl
(34:27 / All) ICECREAM-SANTA: lets tell them the deal?
(34:28 / All) mjygvcdw: thats what im implyin lil kid
(34:46 / Allies) goEASTyoungJEW: green
(34:50 / Allies) goEASTyoungJEW: wf are u dpoing
(34:53 / Allies) goEASTyoungJEW: u could kill oj
(35:06 / All) ICECREAM-SANTA: tell them before my team leaves
(35:22 / All) goEASTyoungJEW: Lol jew
(35:25 / All) mjygvcdw: he got a buttbuddy on other teamk
(35:30 / All) kq2049124891248: Everyone, listen up
(35:31 / All) mjygvcdw: they couodnt win otherwise]
(35:36 / All) kq2049124891248: Orange, green and I are going to kill everything on the map
(35:39 / All) kq2049124891248: including our own units
(35:41 / All) kq2049124891248: but leave buildings
(35:45 / All) kq2049124891248: you will all have equal chances at victory
(35:49 / All) kq2049124891248: neither side will be able to kill the other
(35:55 / All) kq2049124891248: u will only be able to win after u leave
(35:55 / All) ICECREAM-SANTA: if you leave ur computer on all night you may win!!!
(36:00 / All) kq2049124891248: the last one to leave, leaves victorious
(36:01 / All) kq2049124891248: sound fair?
(36:11 / Allies) excalibue78: fuck noob
(36:51 / All) mjygvcdw: hahahah see tyod ya THEY COULDNT WIN OTHERWISE
(37:00 / All) WhoRunBartrTown: yeah you're just too good teal
(37:03 / All) kq2049124891248: did you listen to the rules teal?
(37:10 / All) mjygvcdw: really
(37:17 / All) mjygvcdw: u can tell huh cuz i didnt try
(37:33 / All) WhoRunBartrTown: welp
(37:35 / All) ICECREAM-SANTA: teal go wah wah
(37:36 / All) WhoRunBartrTown: guess you lose teal
(37:52 / All) ICECREAM-SANTA: ur the only one left teal
(38:28 / All) mjygvcdw: hahahah love the lil kids
(38:32 / All) mjygvcdw: sad lil bitches
(38:38 / All) mjygvcdw: lonley huh
(38:49 / All) ICECREAM-SANTA: im not a little kid im 35 and an importer exporter
(38:50 / All) WhoRunBartrTown: what a creepy old man you are
(38:52 / All) mjygvcdw: u 3 lil bitches strokin each other
(38:54 / All) kq2049124891248: I'm a millionaire with a hot girlfriend
(39:00 / All) WhoRunBartrTown: you're a pervert
(39:07 / All) mjygvcdw: hahahahahah and a streoy teller too
(39:09 / All) ICECREAM-SANTA: im an importer for new york and exporter for japan
(39:14 / All) WhoRunBartrTown: he says he loves little kids
(39:18 / All) WhoRunBartrTown: and asks if we're lonely
(39:20 / All) kq2049124891248: You're just jealous I have big bucks and a girlfriend with big boobs
(39:22 / All) mjygvcdw: and thasts why i dont play my real accnt anymore
(39:25 / All) WhoRunBartrTown: I'm reporting you to dateline nbc
(39:26 / All) mjygvcdw: too many idiots
(39:31 / All) ICECREAM-SANTA: wuts ur real account lalw
(39:34 / All) ICECREAM-SANTA: y does it matter
(39:35 / All) kq2049124891248: lol
(39:36 / All) kq2049124891248: wait
(39:38 / All) ICECREAM-SANTA: its 2015
(39:38 / All) kq2049124891248: don't leave
(39:40 / All) ICECREAM-SANTA: k
(39:42 / All) kq2049124891248: I want to see these towers finish'
(39:47 / All) kq2049124891248: and attack for a minute lawl
(39:52 / All) kq2049124891248: this is ridiculous
(40:11 / All) kq2049124891248: k
(40:14 / All) kq2049124891248: who loses?
(40:25 / All) ICECREAM-SANTA: me?
(40:34 / All) WhoRunBartrTown: Yeh